 Dungeon Crawl Stone Soup version 0.19.5 (webtiles) character file.

156 Hordtkhen the Cutter (level 5, -1/33 HPs)
             Began as a Gargoyle Berserker on Apr 14, 2017.
             Was a Believer of Trog.
             Killed from afar by an orc wizard (5 damage)
             ... with a puff of flame
             ... on level 3 of the Dungeon.
             The game lasted 00:23:15 (1962 turns).

Hordtkhen the Cutter (Gargoyle Berserker)           Turns: 1962, Time: 00:23:16

Health: -1/33      AC: 16    Str: 21    XL:     5   Next: 37%
Magic:  5/5        EV:  6    Int:  7    God:    Trog [**....]
Gold:   189        SH:  0    Dex: 10    Spells: 0 memorised, 4 levels left

rFire  . . .     SeeInvis .     D - +0 mace
rCold  . . .     Gourm    .     v - +0 plate armour
rNeg   + . .     Faith    .     (no shield)
rPois  ∞         Spirit   .     (no helmet)
rElec  +         Reflect  .     (no cloak)
rCorr  .         Harm     .     n - +0 pair of gloves
MR     .....                    (no boots)
Stlth  ..........               (no amulet)
                                (no ring)
                                (no ring)

@: confused
A: negative energy resistance 1, electricity resistance, unbreathing,
petrification resistance, rot immunity, AC +4
a: Berserk, Trog's Hand, Burn Spellbooks, Renounce Religion


You were on level 3 of the Dungeon.
You worshipped Trog.
Trog was pleased with you.
You were not hungry.

You visited 1 branch of the dungeon, and saw 3 of its levels.

You collected 189 gold pieces.

Inventory:

Hand Weapons
 a - a +0 short sword
 l - a +0 spear
 D - a +0 mace (weapon)
Missiles
 d - 36 stones
 j - 2 poisoned needles (quivered)
 w - 2 throwing nets
Armour
 e - a +0 ring mail
 n - a +0 pair of gloves (worn)
 v - a +0 plate armour (worn)
 y - a +0 ring mail of poison resistance
Jewellery
 k - an uncursed ring of ice {unknown}
 q - an uncursed ring of poison resistance {unknown}
Wands
 A - a wand of slowing (25/48)
Scrolls
 b - a scroll of random uselessness {unknown}
 f - 2 scrolls of immolation {unknown}
 g - 3 scrolls of identify {unknown}
 m - 2 scrolls of teleportation {unknown}
 o - a scroll of enchant armour {unknown}
 p - 2 scrolls of enchant weapon {unknown}
 t - a scroll of amnesia {unknown}
 B - a scroll of noise {unknown}
Potions
 i - 2 potions of curing {unknown}
 r - a potion of magic {unknown}
 s - 3 potions of brilliance {unknown}
 u - 2 potions of degeneration {unknown}
 x - a potion of heal wounds {unknown}
 z - 2 potions of lignification {unknown}
 C - a potion of flight {unknown}
 E - a potion of berserk rage {unknown}
Comestibles
 c - a bread ration
 h - a meat ration


   Skills:
 + Level 3.8 Fighting
 + Level 4.2 Short Blades
 + Level 1.0 Maces & Flails
 + Level 3.2 Armour
 + Level 2.0 Dodging
 + Level 0.2 Stealth


You had 4 spell levels left.
You didn't know any spells.

Dungeon Overview and Level Annotations

Branches:
Dungeon (3/15)

Altars:
Uskayaw


Innate Abilities, Weirdness & Mutations

You are resistant to torment.
Your stone body is resilient. (AC +4)
You are immune to poison.
You resist negative energy. (rN+)
You are resistant to electric shocks. (rElec)
You can survive without breathing.
You are immune to petrification.
You are immune to rotting.


Message History

You hear some strange, mumbled words.
A puff of flame appears from out of thin air!
The puff of flame hits you!
You closely miss something.
You feel less confused. Something hits you but does no damage.
You hit something but do no damage.
Something hits you but does no damage. x2
You closely miss something. Something hits you but does no damage.
You hear some strange, mumbled words.
You are confused.
You bump into the rock wall.
Something hits you but does no damage.
Tossing away (i - inventory. (,) - cycle):
j - 3 poisoned needles (quivered)
Press: ? - help, Shift-Dir - straight line You toss away a poisoned needle.
You hear some strange, mumbled words.
Something tries to affect you, but you resist.
You hear some strange, mumbled words.
A puff of flame appears from out of thin air!
The puff of flame hits you!
You die...

##....#.###..####....((##.....
#..#.##.##........####()###...
#.##.##.......(#### ##.......
#..##.##...##((## #.#####.
##.###.#..#s##..# #(. #.
##..###....#.##.(# ###. ##
.........#.#.##{.# .#
.....>..........(# #
................@#
......#..........#
#######...÷..).#.#
#........#.# #........#.#
#.##..)###.. #..#...# ##.
###....####?#..
##..........)..


There were no monsters in sight!

Vanquished Creatures
  An orc priest (D:3)
  5 adders
  An ooze (D:2)
  2 worms (D:3)
  6 leopard geckos
  3 orcs (D:3)
  A ball python (D:1)
  9 bats
  4 giant cockroaches
  7 hobgoblins
  7 jackals
  A quokka (D:3)
  6 frilled lizards
  2 goblins
  4 kobolds
  4 rats
63 creatures vanquished.

Notes
Turn   | Place    | Note
-------+----------+-------------------------------------------
     0 | D:1      | Hordtkhen the Gargoyle Berserker began the quest for the Orb.
     0 | D:1      | Reached XP level 1. HP: 14/14 MP: 1/1
   282 | D:1      | Reached XP level 2. HP: 19/19 MP: 2/2
   389 | D:1      | Reached skill level 3 in Short Blades
   751 | D:2      | Reached XP level 3. HP: 18/23 MP: 3/3
   928 | D:2      | Noticed a hand axe
   929 | D:2      | Noticed a hand axe
   929 | D:2      | Found a hide-covered altar of Uskayaw.
  1019 | D:2      | Reached ** piety under Trog
  1272 | D:2      | Reached XP level 4. HP: 29/29 MP: 4/4
  1646 | D:3      | Reached skill level 4 in Short Blades
  1646 | D:3      | Reached XP level 5. HP: 14/33 MP: 5/5
  1945 | D:3      | Reached skill level 1 in Maces & Flails
  1962 | D:3      | Killed from afar by an orc wizard

Skill      XL: |  1  2  3  4  5 |
---------------+----------------+-----
Short Blades   | 3 4 |  4.2
Dodging        | 2 |  2.0
Armour         | 3 |  3.2
Maces & Flails | 1 |  1.0
Fighting       | |  3.8
Stealth        | |  0.2

Action                   |  1- 3 |  4- 6 || total
-------------------------+-------+-------++-------
Melee: Short sword       |   177 |    73 ||   250
       Mace              |       |    97 ||    97
  Eat: Fruit             |       |     2 ||     2
       Chunk             |       |     2 ||     2
Armor: Ring mail         |   101 |       ||   101
       Plate armour      |    16 |   199 ||   215
Dodge: Dodged            |   127 |    51 ||   178
